 Dungeon Crawl Stone Soup version 0.31-a0-1338-gb567cfdca4 (webtiles) character file.

Game seed: 4917748600821905748

222 grandjackal the Charlatan (level 6, -10/46 HPs)
             Began as a Djinni Artificer on Dec 22, 2023.
             Mangled by Pikel
             ... wielding a +1 whip of electrocution
              (15 damage)
             ... on level 4 of the Dungeon.
             The game lasted 00:04:49 (3034 turns).

grandjackal the Charlatan (Djinni Artificer)        Turns: 3034, Time: 00:04:51

Health: -10/46     AC:  4    Str: 11    XL:     6   Next: 19%
Gold:   145        EV: 12    Int: 14    God:
                   SH:  0    Dex: 20

rFire   + + .        q - staff of cold
rCold   . . .        (no shield)
rNeg    + . .        b - +0 leather armour
rPois   ∞            (no helmet)
rElec   .            (no cloak)
rCorr   .            o - +0 pair of gloves
SInv    .            (boots unavailable)
Will    .....        (no amulet)
Stlth   ++           r - +6 ring of dexterity
HPRegen 0.27/turn    x - ring of positive energy
MPRegen 0.00/turn

%: infuse magic (-11 HP)
@: flying
A: sickness immunity, fire resistance 2, cold vulnerability 1, float, innate
caster, HP casting, extra vitality 1
a: no special abilities


You were on level 4 of the Dungeon.
You visited 1 branch of the dungeon, and saw 4 of its levels.

You collected 145 gold pieces.

Inventory:

Hand Weapons
 a - a +0 club
 g - a +0 dagger
 i - a +0 short sword
Armour
 b - a +0 leather armour (worn)
 h - a +2 buckler
 o - a +0 pair of gloves (worn)
Magical Staves
 q - a staff of cold (weapon)
Jewellery
 r - a +6 ring of dexterity (left hand)
 x - a ring of positive energy (right hand)
Wands
 c - a wand of flame (15) (quivered)
 d - a wand of charming (12)
 e - a wand of iceblast (5)
 w - a wand of polymorph (8)
 y - a wand of acid (10)
Scrolls
 f - 2 scrolls of enchant armour {unknown}
 l - a scroll of poison {unknown}
 n - a scroll of amnesia {unknown}
 p - 3 scrolls of identify {unknown}
 s - a scroll of enchant weapon {unknown}
 t - a scroll of teleportation {unknown}
Potions
 j - a potion of might
 k - a potion of degeneration {unknown}
 m - 2 potions of invisibility {unknown}
 u - a potion of berserk rage {unknown}
 v - a potion of cancellation {unknown}


   Skills:
 + Level 3.0 Fighting
 + Level 1.4 Staves
 - Level 1.0 Armour
 - Level 2.2 Dodging
 - Level 0.7 Stealth
 + Level 2.7 Shields
 + Level 2.0 Spellcasting
 + Level 2.0 Conjurations
 + Level 2.0 Hexes
   Level 0.0 Charms
 + Level 2.0 Summonings
 + Level 2.0 Necromancy
 + Level 2.0 Translocations
   Level 0.0 Transmutations
 + Level 2.0 Fire Magic
 + Level 2.0 Ice Magic
 + Level 2.0 Air Magic
 + Level 2.0 Earth Magic
 + Level 2.0 Alchemy
 - Level 3.0 Evocations


You knew the following spells:

 Your Spells              Type           Power      Damage    Failure   Level
a - Shock                 Conj/Air       28%        1d4       14%         1
b - Passwall              Alch/Erth      5%         N/A       21%         2
Your spell library was empty.

Dungeon Overview and Level Annotations

Branches:
Dungeon (4/15)
 Temple: D:4-7

Altars:

Annotations:
D:4 Eustachio, Pikel


Innate Abilities, Weirdness & Mutations

You are immune to sickness and miasma.
You are immune to poison.
Your flesh is very heat resistant. (rF++)
You are vulnerable to cold. (rC-)
You float through the air rather than walking.
You learn spells naturally, not from books.
Your magical power is your life essence.
You have superior vitality. (+4 MHP)


Message History

The lemure completely misses your lemure.
Pikel hits you with a +1 whip of electrocution!
Unknown command.
You hit Pikel but do no damage.
Pikel is lightly wounded.
Your lemure closely misses Pikel.
Your lemure hits Pikel! The lemure hits your lemure!
Pikel hits you with a +1 whip of electrocution.
Unknown command.
You hit Pikel.
Pikel is moderately wounded.
Your lemure hits Pikel.
Your lemure barely misses the lemure.
The lemure barely misses your lemure. Pikel hits you but does no damage.
Unknown command.
You hit Pikel but do no damage. You freeze Pikel.
Pikel is heavily wounded.
Your lemure hits Pikel but does no damage.
Your lemure hits the lemure. The lemure hits your lemure!
Pikel hits you with a +1 whip of electrocution.
Unknown command.
You hit Pikel but do no damage. You freeze Pikel.
Pikel is heavily wounded.
Your lemure barely misses Pikel.
Your lemure hits the lemure. The lemure closely misses your lemure.
Pikel barely misses you.
Your lemure hits Pikel. Your lemure misses the lemure.
The lemure hits your lemure but does no damage.
Unknown command.
You barely miss Pikel.
Pikel is heavily wounded.
Pikel hits you with a +1 whip of electrocution!
You are electrocuted!
* * * LOW HITPOINT WARNING * * *
Your lemure hits Pikel.
Your lemure completely misses the lemure.
The lemure barely misses your lemure.
Pikel hits you with a +1 whip of electrocution.
* * * LOW HITPOINT WARNING * * *
You are electrocuted!
You die...
Pikel says, "See you in Hell!"

############
#..........#
#..........#
#.....$....#
#..........#
#..........#
#..........#
#.@........#
#K5........##
...o555.........#
####.######.###.#
... #.....†.#
..... ###.#<).#
.... ........#.#
.... #.###.#...#
#.....#


You could see Pikel (ally target), 2 lemures, an orc and 2 friendly lemures.

Vanquished Creatures
  Natasha (thrice) (D:3)
  3 gnolls (D:3)
  6 adders
  A bombardier beetle (D:3)
  2 dart slugs (D:1)
  2 orcs (D:3)
  5 bats
  5 endoplasms
  A giant cockroach (D:1)
  4 hobgoblins (D:3)
  3 jackals (D:1)
  10 kobolds
  3 quokkas
  4 ball pythons
  4 frilled lizards
  5 rats
61 creatures vanquished.

Notes
Turn   | Place    | Note
-------+----------+-------------------------------------------
     0 | D:1      | grandjackal the Djinni Artificer began the quest for the
                  | Orb.
     0 | D:1      | Reached XP level 1. HP: 17/17 MP: 0/0
   139 | D:1      | Reached XP level 2. HP: 21/22 MP: 0/0
   364 | D:1      | Reached skill level 1 in Shields
   371 | D:1      | HP: 1/22 [jackal (3)]
   373 | D:1      | Reached XP level 3. HP: 2/27 MP: 0/0
   373 | D:1      | Learned a level 1 spell: Shock
   767 | D:2      | Found a faded altar of an unknown god.
   854 | D:2      | Reached skill level 1 in Spellcasting
   854 | D:2      | Reached skill level 1 in Conjurations
   854 | D:2      | Reached skill level 1 in Hexes
   854 | D:2      | Reached skill level 1 in Summonings
   854 | D:2      | Reached skill level 1 in Necromancy
   854 | D:2      | Reached skill level 1 in Translocations
   854 | D:2      | Reached skill level 1 in Fire Magic
   854 | D:2      | Reached skill level 1 in Ice Magic
   854 | D:2      | Reached skill level 1 in Air Magic
   854 | D:2      | Reached skill level 1 in Earth Magic
   854 | D:2      | Reached skill level 1 in Alchemy
  1183 | D:2      | Reached XP level 4. HP: 25/33 MP: 0/0
  1624 | D:3      | Noticed Natasha
  1635 | D:3      | Killed Natasha
  1994 | D:3      | Reached XP level 5. HP: 33/39 MP: 0/0
  1994 | D:3      | Learned a level 2 spell: Passwall
  2012 | D:3      | Reached skill level 1 in Staves
  2136 | D:3      | Noticed Natasha
  2148 | D:3      | HP: 1/39 [cerulean imp/+1 spear[Natasha] (3)]
  2150 | D:3      | Killed Natasha
  2414 | D:3      | Noticed Natasha
  2433 | D:3      | Killed Natasha
  2434 | D:3      | Reached XP level 6. HP: 46/46 MP: 0/0
  2956 | D:4      | Noticed Eustachio
  3019 | D:4      | Noticed Pikel
  3034 | D:4      | Mangled by Pikel

Illustrated notes

Levels and vault maps discovered:
D:1:      minmay_arrival_cross, layout_rooms
D:2:      layout_loops_ring, basic_ecumenical_altar
D:3:      minmay_recursive_quarters, layout_loops_ring, uniq_natasha
D:4:      layout_basic, minmay_temple_entry_proselytizer, uniq_pikel,
          uniq_eustachio, uniq_edmund

Skill      XL: |  1  2  3  4  5 |
---------------+----------------+-----
Shields        | 1 2 |  2.7
Spellcasting   | 1 2 |  2.0
Conjurations   | 1 2 |  2.0
Hexes          | 1 2 |  2.0
Summonings     | 1 2 |  2.0
Necromancy     | 1 2 |  2.0
Translocations | 1 2 |  2.0
Fire Magic     | 1 2 |  2.0
Ice Magic      | 1 2 |  2.0
Air Magic      | 1 2 |  2.0
Earth Magic    | 1 2 |  2.0
Alchemy        | 1 2 |  2.0
Fighting       | 2 3 |  3.0
Staves         | 1 |  1.4
Armour         | |  1.0
Dodging        | |  2.2
Stealth        | |  0.7
Evocations     | |  3.0

Action                     |  1- 3 |  4- 6 || total
---------------------------+-------+-------++-------
  Melee: Club              |    21 |       ||    21
         Short sword       |   107 |    20 ||   127
         Punch             |     1 |       ||     1
         Staff             |       |    81 ||    81
         Unarmed           |       |     1 ||     1
   Cast: Shock             |    15 |    45 ||    60
  Evoke: Wand              |       |     3 ||     3
    Use: Potion            |       |     1 ||     1
   Stab: Sleeping          |     1 |     1 ||     2
 Armour: Leather armour    |    80 |    71 ||   151
         Skin              |       |    50 ||    50
  Dodge: Dodged            |    97 |    88 ||   185

Table legend: (Time is in decaauts)
 A = Elapsed time spent in this place.
 B = Non-inter-level travel time spent in this place.
 C = Inter-level travel time spent in this place.
 D = Time resting spent in this place.
 E = Time spent auto-exploring this place.
 F = Levels seen in this place.
 G = Mean time per level.
                   A        B        C        D        E       F      G
               +--------+--------+--------+--------+--------+-----+--------+
         Total |   3057 |   2950 |    107 |    759 |   1610 |   4 |  764.2 |
       Dungeon |   3057 |   2950 |    107 |    759 |   1610 |   4 |  764.2 |
               +--------+--------+--------+--------+--------+-----+--------+

Top non-repeatable levels by time:
     D:3: 1446 daAuts
     D:2: 817 daAuts
     D:1: 751 daAuts
     D:4: 40 daAuts
